AoeStats
← _LY_抖音肥龙

Arabia

507067332Analyzed
1v1 RM · 15d ago on Sep 16, 2026· 43m 32s· 2 players
Game mode
Random Map
Map size
Tiny (2 player)
Population
200
Speed
Normal
Resources
Standard
Victory
Conquest
Starting age
Dark Age
Ending age
Imperial Age
RankedLock teamsTeams togetherTeam positionsShared explorationLock speedFull tech treeHidden civsTurbo modeCheats
Victory
Defeat
🇭🇰 Spanish · Hong Kong SAR China
2797
+16
🇦🇷 Saracens · Argentina
2802
-16
_LY_抖音肥龙
10:43 Feudal Age
11:15 Feudal Age
14:52 Castle Age
13:18 Double-Bit Axe
13:45 Horse Collar
14:28 Loom
16:15 Bow Saw
17:38 Loom
18:03 Padded Archer Armor
21:57 Husbandry
22:53 Bloodlines
23:03 Leather Archer Armor
23:34 Town Watch
25:45 Wheelbarrow
26:15 Stone Mining
29:40 Heavy Plow
35:29 Imperial Age
34:12 Hand Cart
34:32 Gold Mining
35:18 Stone Shaft Mining
35:13 Elite Skirmisher
36:51 Ring Archer Armor
36:45 Conscription
36:41 Fletching
37:12 Ballistics
37:52 Chemistry
38:00 Two-Man Saw
37:58 Bodkin Arrow
38:20 Capped Ram
39:06 Bracer
39:19 Elite Conquistador
41:40 Guilds
41:54 Supremacy
42:29 Hoardings
42:41 Herbal Medicine
42:58 Masonry
42:51 Devotion
43:26 Scale Barding Armor
42:42 Light Cavalry
wR.Lucho
9:09 Feudal Age
11:03 Feudal Age
11:59 Double-Bit Axe
12:37 Loom
15:08 Castle Age
13:36 Gold Mining
14:02 Horse Collar
14:50 Fletching
16:12 Bow Saw
16:46 Husbandry
20:49 Bloodlines
22:13 Ballistics
22:24 Bodkin Arrow
23:21 Town Watch
25:30 Wheelbarrow
26:51 Sanctity
32:01 Imperial Age
31:32 Thumb Ring
32:20 Bimaristan
32:47 Bracer
34:10 Chemistry
34:34 Block Printing
34:40 Bracer
36:24 Hand Cart
37:09 Illumination
36:45 Padded Archer Armor
37:59 Elite Skirmisher
39:31 Leather Archer Armor
40:41 Hoardings
42:00 Ring Archer Armor
Connection lost

Rejoining the realm…

Still unreachable

The connection could not be restored.

Session expired

The server has moved on; the page needs a fresh start.